 Dungeon Crawl Stone Soup version 0.28.0 (webtiles) character file.

Game seed: 6276779973264022491

46 wakim the Skirmisher (level 3, -3/34 HPs)
             Began as a Minotaur Fighter on Feb 10, 2022.
             Killed by divine providence
             ... invoked by an orc priest
              (12 damage)
             ... on level 3 of the Dungeon.
             The game lasted 00:05:01 (2144 turns).

wakim the Skirmisher (Minotaur Fighter)             Turns: 2144, Time: 00:05:01

Health: -3/34      AC:  8    Str: 20    XL:     3   Next: 44%
Magic:  2/2        EV:  9    Int:  5    God:
Gold:   81         SH:  4    Dex: 11    Spells: 2/2 levels left

rFire   . . .      SeeInvis .   a - +0 flail
rCold   . . .      Faith    .   c - +0 buckler
rNeg    . . .      Spirit   .   b - +1 scale mail
rPois   .          Reflect  .   (helmet restricted)
rElec   .          Harm     .   (no cloak)
rCorr   .          Rampage  .   (no gloves)
Will    .....                   (no boots)
Stlth   ..........              (no amulet)
HPRegen 0.11/turn               (no ring)
MPRegen 0.08/turn               (no ring)

@: no status effects
A: horns 2, retaliatory headbutt
a: no special abilities


You were on level 3 of the Dungeon.
You visited 1 branch of the dungeon, and saw 3 of its levels.

You collected 81 gold pieces.

Inventory:

Hand Weapons
 a - a +0 flail (weapon)
Missiles
 s - 17 stones
 P - 3 boomerangs (quivered)
 W - 3 poisoned darts
Armour
 b - a +1 scale mail (worn)
 c - a +0 buckler (worn)
Wands
 x - a wand of charming (8)
 y - a wand of paralysis (5)
Scrolls
 X - a scroll of magic mapping {unknown}
 Y - a scroll of fear {unknown}
Potions
 H - a potion of haste
 N - a potion of might
 Q - a potion of attraction {unknown}
 S - a potion of curing {unknown}
 T - a potion of degeneration {unknown}


   Skills:
 * Level 4.3 Fighting
 * Level 3.3 Maces & Flails
 + Level 4.0 Armour
 + Level 4.0 Shields


You had 2 spell levels left.
You didn't know any spells.
Your spell library contained the following spells:

 Spells                   Type           Power      Damage    Failure   Level
 Foxfire                  Conj/Fire      0%         2x1d4     89%         1
 Slow                     Hex            0%         N/A       89%         1
 Corpse Rot               Necr/Air       0%         N/A       96%         2
 Confusing Touch          Hex            0%         N/A       99%         3
 Conjure Flame            Conj/Fire      0%         6-21      99%         3
 Inner Flame              Hex/Fire       0%         N/A       99%         3
 Vampiric Draining        Necr           0%         2d6       99%         3
 Dispel Undead            Necr           0%         3d6       100%        4
 Flame Wave               Conj/Fire      0%         2d4       100%        4
 Death Channel            Necr           0%         N/A       100%        6


Dungeon Overview and Level Annotations

Branches:
Dungeon (3/15)

Altars:

Annotations:
D:3 Terence


Innate Abilities, Weirdness & Mutations

You have a pair of horns on your head.
You reflexively headbutt those who attack you in melee.


Message History

You hit the orc but do no damage.
The orc is severely wounded.
The orc priest calls upon Beogh to heal the orc.
The orc's wounds heal themselves!
The orc barely misses you.
You hear a shout!
You closely miss the orc. Your headbutt misses the orc.
The orc hits you but does no damage.
You barely miss the orc. You headbutt the orc.
The orc is moderately wounded.
The orc completely misses you. The orc hits you but does no damage.
You hit the orc but do no damage.
The orc is moderately wounded.
The orc priest mumbles some strange prayers to Beogh against you.
Beogh smites you!
* * * LOW HITPOINT WARNING * * *
You block the orc's attack.
You hear a shout!
You completely miss the orc.
The orc is moderately wounded.
The orc hits you with a +0 club.
* * * LOW HITPOINT WARNING * * *
Really walk into that dispersal trap?
You enter a dispersal trap!
The orc blinks! x2; You blink.
Terence the Incautious comes into view.
He is wielding a +0 falchion.
Terence shouts!
The orc priest looks encouraged for a moment.
An orc comes into view. It is wielding a +0 club.
You open the door.
The orc priest invokes the aid of Beogh against you.
Pain shoots through your body!
* * * LOW HITPOINT WARNING * * *
There is an open door here.
There is an open door here.
The orc priest calls upon Beogh to heal the orc.
The orc's wounds heal themselves!
Unknown command.
There is an open door here.
The orc priest invokes the aid of Beogh against you.
Beogh smites you!
You die...

#..###.o# ##...#..#
#..o'##+##+ #.o##.....#
######## ##.##.....#
#......# #o.###'##+
.......# #......#
.......# #.....##.#
.....<.# #@.......#
.......#########.#+####.#
.......'................#
#......##########..#####
######## ..... .>....
######


You could see an orc priest and 2 orcs.

Vanquished Creatures
  An adder (D:3)
  A dart slug (D:1)
  4 ball pythons
  3 endoplasms
  4 giant cockroaches
  2 goblins (D:1)
  5 hobgoblins
  2 kobolds
  3 quokkas (D:1)
  2 bats (D:2)
  2 rats
29 creatures vanquished.

Notes
Turn   | Place    | Note
-------+----------+-------------------------------------------
     0 | D:1      | wakim the Minotaur Fighter began the quest for the Orb.
     0 | D:1      | Reached XP level 1. HP: 19/19 MP: 0/0
   271 | D:1      | Reached XP level 2. HP: 22/27 MP: 1/1
   517 | D:1      | Found Jukut's Weapon Emporium.
   822 | D:1      | Found a faded altar of an unknown god.
  1235 | D:2      | Reached XP level 3. HP: 33/33 MP: 2/2
  2123 | D:3      | Noticed Terence
  2144 | D:3      | Killed from afar by an orc priest

Illustrated notes

Levels and vault maps discovered:
D:1:      giann_wishing_wells, layout_basic, serial_shops, shop,
          hellmonk_ecumenical_altar_inner_sanctum, serial_curves,
          eino_curves_03, eino_curves_04, eino_curves_04, hex_large,
          hangedman_decor_growths
D:2:      layout_loops_ring, serial_bayou_lagoon_a
D:3:      layout_basic, lemuel_tele_altar, mainiacjoe_overflow_24_doors,
          uniq_terence

Skill      XL: |  1  2  3 |
---------------+----------+-----
Fighting       | 4 |  4.3
Maces & Flails | 3 |  3.3
Shields        | 4 |  4.0
Armour         | 4 |  4.0

Action                   || total
-------------------------++-------
Melee: Flail             ||    74
       Headbutt          ||     9
  Use: Scroll            ||     3
Armor: Scale mail        ||    34
Dodge: Dodged            ||    40
Block: Buckler           ||    17
